 Dungeon Crawl Stone Soup version 0.30-a0-728-gc68057be0a (webtiles) character file.

Game seed: 7447543976240636811

13332 iguanaiguana the Destroyer (level 12, -4/92 HPs)
             Began as a Meteoran Delver on Jan 30, 2023.
             Was a High Priest of Vehumet.
             Killed from afar by an acid dragon (27 damage)
             ... with a splash of acid
             ... on level 11 of the Dungeon on Jan 31, 2023.
             The game lasted 01:01:09 (3403 turns).

iguanaiguana the Destroyer (Meteoran Delver)        Turns: 3403, Time: 01:01:09

Health: -4/92      AC:  9    Str: 16    XL:     12   Next: 62%
Magic:  2/25       EV: 11    Int: 17    God:    Vehumet [*****.]
Gold:   262        SH:  0    Dex: 19    Spells: 2/27 levels left

rFire   + . .      SeeInvis +    x - +2 demon whip (venom)
rCold   + + .      Faith    +    (no shield)
rNeg    . . .      Spirit   .    d - +5 ring mail "Ziargh Apna" {rC+ Str+2}
rPois   .          Reflect  .    (no helmet)
rElec   +          Harm     +    s - scarf {harm}
rCorr   .          Rampage  .    (no gloves)
Will    +....                    t - +2 pair of boots
Stlth   +                        p - amulet of faith
HPRegen 0.35/turn                u - ring of protection from fire
MPRegen 0.19/turn                A - ring of Rolala {rElec rC+ Dex+3 Slay+3 SInv}

@: corroded, glowing
A: sense surroundings 2, otherworldly, glowing, explore regen
a: Renounce Religion


You were on level 11 of the Dungeon.
You worshipped Vehumet.
Vehumet was extremely pleased with you.
You visited 2 branches of the dungeon, and saw 13 of its levels.

You collected 398 gold pieces.
You spent 136 gold pieces at shops.

Inventory:

Hand Weapons
 x - a +2 demon whip of venom (weapon)
Missiles
 a - 6 javelins
 n - 21 boomerangs
 r - 4 curare-tipped darts
 y - 4 throwing nets
 D - 2 poisoned darts
Armour
 d - the +5 ring mail "Ziargh Apna" (worn) {rC+ Str+2}
   (You found it on level 6 of the Dungeon)

   Str:       It affects your strength (+2).
   rC:        It protects you from cold.
 j - the +4 ring mail "Reoby" {rC+ SInv}
   (You found it on level 6 of the Dungeon)

   rC:        It protects you from cold.
   SInv:      It lets you see invisible.
 s - a scarf of harm (worn)
 t - a +2 pair of boots (worn)
 w - the +2 chain mail "Caqar" {rElec MP-9 Int+8}
   (You took it off an orc on level 7 of the Dungeon)

   Int:       It affects your intelligence (+8).
   rElec:     It insulates you from electricity.
   MP:        It affects your magic capacity (-9).
 B - a +0 kite shield
 G - a +0 troll leather armour
Magical Staves
 b - a staff of fire
 l - a staff of cold
Jewellery
 p - an amulet of faith (around neck)
 u - a ring of protection from fire (left hand)
 A - the ring of Rolala (right hand) {rElec rC+ Dex+3 Slay+3 SInv}
   (You found it on level 7 of the Dungeon)

   [ring of see invisible]

   Dex:       It affects your dexterity (+3).
   Slay:      It affects your accuracy & damage with ranged weapons and melee
   (+3).
   rC:        It protects you from cold.
   rElec:     It insulates you from electricity.
   SInv:      It lets you see invisible.
 F - an amulet of regeneration
Wands
 g - a wand of digging (6) {@v3}
Scrolls
 c - 2 scrolls of fog
 e - 2 scrolls of fear
 i - 3 scrolls of vulnerability
 v - a scroll of magic mapping {@r5}
 z - a scroll of enchant weapon
 C - a scroll of teleportation {@r3}
 E - 2 scrolls of noise
Potions
 f - a potion of haste {@q4}
 h - a potion of invisibility
 k - a potion of lignification
 m - a potion of berserk rage
 o - 3 potions of mutation
 q - 2 potions of curing {@q1}


   Skills:
 - Level 4.3 Fighting
 - Level 2.4 Polearms
 - Level 2.4 Dodging
 - Level 3.7 Stealth
 - Level 8.0 Spellcasting
 + Level 11.4 Conjurations
 + Level 10.8 Summonings
 - Level 3.0 Fire Magic
 - Level 6.0 Ice Magic
 - Level 11.2 Air Magic
 - Level 3.5 Poison Magic


You had 2 spell levels left.
You knew the following spells:

 Your Spells              Type           Power      Damage    Failure   Level
a - Arcjolt               Conj/Air       22%        1d32      1%          5
b - Poisonous Vapours     Pois/Air       62%        N/A       1%          2
c - Lightning Bolt        Conj/Air       22%        1d38      1%          5
d - Frozen Ramparts       Ice            54%        1d9       1%          3
e - Spellforged Servitor  Conj/Summ      22%        N/A       41%         7
f - Shock                 Conj/Air       100%       1d9       1%          1
g - Foxfire               Conj/Fire      100%       2x1d9     1%          1
h - Freeze                Ice            100%       1d10      1%          1

Your spell library contained the following spells:

 Spells                   Type           Power      Damage    Failure   Level
 Static Discharge         Conj/Air       90%        2-6/arc   1%          2
 Sandblast                Erth           12%        2d6       5%          1
 Passwall                 Tmut/Erth      5%         N/A       30%         2
 Hailstorm                Conj/Ice       36%        3d9       1%          3
 Stone Arrow              Conj/Erth      52%        3d10      1%          3
 Vhi's Electric Charge    Tloc/Air       50%        N/A       6%          3
 Maxwell's Capacitive Co  Air            22%        ∞         95%         8


Dungeon Overview and Level Annotations

Branches:
Dungeon (12/15) Zot: 3769  Temple (0/1) D:7            Lair (0/5) D:9
    Orc (1/2) D:9 Zot: 587

Altars:
Dithmenos
Fedhas
Sif Muna
Vehumet
Xom
Zin

Shops:
D:6 :   D:11 ?   Orc:1 (

Annotations:
D:3 exclusion: upstairs
D:9 1 runed translucent door, Nabski's ghost, journeyman TeFE


Innate Abilities, Weirdness & Mutations

You passively map the area around you.
You are easily found by Zot.
You glow in the dark.
You regain HP and MP as you explore.


Message History

Confirm with . or Enter, or press ? or * to list all spells.
Electricity surges outward!
You kill the troll!
The troll leather armour is intact enough to wear.
You kill the brown ugly thing!
You feel your power returning. The acid dragon spits acid at you.
The splash of acid hits you!
The acid corrodes you! a +0 troll leather armour; a troll corpse
G - a +0 troll leather armour
Casting: Arcjolt (dangerous; 1% risk of failure)
Confirm with . or Enter, or press ? or * to list all spells.
Electricity surges outward!
The acid dragon is severely wounded.
The acid dragon bites you!
* * * LOW HITPOINT WARNING * * *
Casting: Arcjolt (dangerous; 1% risk of failure)
Confirm with . or Enter, or press ? or * to list all spells.
You don't have enough magic to cast this spell.
You closely miss the acid dragon.
The acid dragon is severely wounded.
The acid dragon bites you.
* * * LOW HITPOINT WARNING * * *
Okay, then.
Throw: 6 throwing nets
Press: ? - help, Shift-Dir - straight line, f - acid dragon
Aim: an acid dragon (severely wounded, 66% to hit)
You throw a throwing net.
The throwing net closely misses the acid dragon.
The acid dragon bites you!
* * * LOW HITPOINT WARNING * * *
Throw: 5 throwing nets
Press: ? - help, Shift-Dir - straight line, f/p - acid dragon
Aim: an acid dragon (severely wounded, 66% to hit)
You throw a throwing net. The throwing net hits the acid dragon.
The acid dragon is caught in the net!
The acid dragon is severely wounded.
The acid dragon spits acid at you. The splash of acid hits you!!
You die...

.............†#....#....#
, *
#.......(....#....+....#
,
#............######...(##
, ,
#....!.††................
#####+##................^
* * , ,#.................
, ,,+ , ,,
#................. , ,
#D........######## + ,
,#@........# ,
#†........# ,, ,,
#.........# * * ,,
#.....##### * * ,
,#.....# #.....# , , ,, >
* , #.....# , ,, , ,
#....?# * , , , #.....#


You could see an acid dragon (caught, catching breath).

Vanquished Creatures
  An ogre mage (Orc:1)
  3 death yaks (D:9)
  A two-headed ogre (Orc:1)
  Urug (D:10)
  Amaemon (D:10)
  Pikel (D:6)
  An ugly thing (D:11)
  A cyclops (D:11)
  Joseph (D:10)
  2 unseen horrors (D:10)
  An orange demon (D:10)
  2 trolls
  A hornet (D:10)
  Sigmund (D:5)
  A yak (D:10)
  An unseen horror simulacrum (D:10)
  A wyvern (D:10)
  A vampire mosquito (D:11)
  2 steam dragons (D:9)
  Edmund (D:6)
  A warg (D:9)
  A water moccasin (D:7)
  3 sky beasts
  3 ice beasts
  4 orc warriors
  2 wolves
  5 ogres
  A centaur (D:9)
  3 lemures (D:6)
  2 necrophages
  3 gnoll sergeants (D:7)
  12 wights
  19 killer bees
  5 howler monkeys
  11 hounds
  A jelly (D:4)
  6 orc priests
  2 gnoll boudas (D:7)
  2 iguanas
  11 orc wizards
  A hell rat (D:9)
  2 centaur simulacra (D:10)
  28 gnolls
  8 adders
  A river rat (D:9)
  2 white imps
  2 ufetubi
  7 dart slugs
  26 orcs
  3 bats
  2 endoplasms
  4 giant cockroaches
  3 goblins
  8 hobgoblins
  3 jackals (D:7)
  6 quokkas
  9 ball pythons
  2 frilled lizards
  5 kobolds
  4 rats
248 creatures vanquished.

Vanquished Creatures (collateral kills)
  A foxfire (D:5)
1 creature vanquished.

Vanquished Creatures (others)
  138 foxfires
138 creatures vanquished.

Grand Total: 387 creatures vanquished

Notes
Turn   | Place    | Note
-------+----------+-------------------------------------------
     0 | D:5      | iguanaiguana the Meteoran Delver began the quest for the
                  | Orb.
     0 | D:5      | Reached XP level 1. HP: 19/19 MP: 2/2
    36 | D:4      | Found a radiant altar of Vehumet.
    52 | D:4      | Became a worshipper of Vehumet
   130 | D:2      | Reached XP level 2. HP: 13/27 MP: 3/3
   144 | D:3      | Reached skill level 1 in Fire Magic
   197 | D:2      | Reached XP level 3. HP: 30/33 MP: 4/4
   288 | D:1      | Reached XP level 4. HP: 15/40 MP: 5/5
   499 | D:1      | Reached * piety under Vehumet
   499 | D:1      | Offered knowledge of Shock by Vehumet.
   668 | D:2      | Learned a level 1 spell: Shock
   688 | D:2      | Reached skill level 1 in Conjurations
   688 | D:2      | Reached skill level 1 in Air Magic
   688 | D:2      | Reached XP level 5. HP: 28/47 MP: 6/6
   886 | D:3      | Reached skill level 1 in Ice Magic
   925 | D:3      | Found a shimmering blue altar of Sif Muna.
   948 | D:4      | Learned a level 1 spell: Freeze
  1025 | D:3      | Noticed an ogre
  1032 | D:3      | Reached ** piety under Vehumet
  1032 | D:3      | Killed an ogre
  1032 | D:3      | Offered knowledge of Foxfire by Vehumet.
  1033 | D:3      | Reached XP level 6. HP: 53/53 MP: 6/10
  1035 | D:3      | Learned a level 1 spell: Foxfire
  1039 | D:3      | Learned a level 3 spell: Frozen Ramparts
  1246 | D:4      | Reached XP level 7. HP: 60/60 MP: 11/11
  1291 | D:4      | Found a shimmering altar of Xom.
  1468 | D:6      | Noticed Edmund
  1513 | D:6      | Reached skill level 5 in Ice Magic
  1528 | D:6      | Noticed Pikel
  1537 | D:6      | Killed Edmund
  1538 | D:6      | Reached XP level 8. HP: 67/67 MP: 9/12
  1538 | D:6      | Killed Pikel
  1551 | D:6      | Gained mutation: You passively map the area around you.
                  | [Meteoran growth]
  1551 | D:6      | Reached XP level 9. HP: 72/72 MP: 7/13
  1585 | D:6      | Identified the +4 ring mail "Reoby" {rC+ SInv}
  1604 | D:6      | Found Dowing's Tremendous Tomes.
  1703 | D:6      | Offered knowledge of Poisonous Vapours by Vehumet.
  1745 | D:6      | Learned a level 2 spell: Poisonous Vapours
  1761 | D:6      | Reached skill level 1 in Poison Magic
  1770 | D:6      | Reached *** piety under Vehumet
  1783 | D:6      | Reached skill level 5 in Air Magic
  1885 | D:5      | Noticed Sigmund
  1898 | D:5      | Killed Sigmund
  1905 | D:5      | Learned a level 5 spell: Arcjolt
  1995 | D:6      | Identified the +5 ring mail "Ziargh Apna" {rC+ Str+2}
  2044 | D:7      | Offered knowledge of Inner Flame by Vehumet.
  2059 | D:7      | Reached skill level 5 in Spellcasting
  2059 | D:7      | Reached XP level 10. HP: 79/80 MP: 14/18
  2119 | D:7      | Found a staircase to the Ecumenical Temple.
  2176 | D:7      | Found a blossoming altar of Fedhas.
  2188 | D:7      | Reached **** piety under Vehumet
  2257 | D:7      | Identified the +2 chain mail "Caqar" {rElec MP-9 Int+8}
  2262 | D:7      | Offered knowledge of Lightning Bolt by Vehumet.
  2406 | D:7      | Identified the ring of Rolala {rElec rC+ Dex+3 Slay+3 SInv}
  2541 | D:8      | Identified the +0 chain mail of Follow the Leader {Will+
                  | Int+2}
  2585 | D:9      | Noticed a death yak
  2585 | D:9      | Noticed a death yak
  2586 | D:9      | Noticed a death yak
  2612 | D:9      | Killed a death yak
  2613 | D:9      | Reached XP level 11. HP: 81/85 MP: 7/24
  2613 | D:9      | Killed a death yak
  2616 | D:9      | Killed a death yak
  2617 | D:9      | Reached skill level 10 in Conjurations
  2617 | D:9      | Reached skill level 10 in Air Magic
  2626 | D:9      | Reached ***** piety under Vehumet
  2635 | D:9      | Found a staircase to the Lair.
  2662 | D:9      | Found a glowing silver altar of Zin.
  2662 | D:9      | Noticed an angel
  2680 | D:9      | Offered knowledge of Spellforged Servitor by Vehumet.
  2692 | D:9      | Found a shadowy altar of Dithmenos.
  2713 | D:9      | Learned a level 7 spell: Spellforged Servitor
  2732 | D:9      | Found a staircase to the Orcish Mines.
  2736 | D:9      | Reached skill level 1 in Summonings
  2748 | Orc:1    | Entered Level 1 of the Orcish Mines
  2748 | Orc:1    | Noticed an ogre mage
  2748 | Orc:1    | Noticed a two-headed ogre
  2748 | Orc:1    | Found Digy Kelu's Antique Weapon Shoppe.
  2756 | Orc:1    | Killed a two-headed ogre
  2756 | Orc:1    | Killed an ogre mage
  2804 | D:9      | Found a runed translucent door.
  2804 | D:9      | Found a shimmering altar of Xom.
  2804 | D:9      | Noticed Nabski's ghost (journeyman TeFE)
  2804 | D:9      | Noticed a +1 war axe of chaos
  2819 | D:10     | Entered Level 10 of the Dungeon
  2829 | D:10     | Noticed Amaemon
  2842 | D:10     | Killed Amaemon
  2843 | D:10     | Reached XP level 12. HP: 40/92 MP: 9/25
  2949 | D:10     | Noticed Joseph
  2966 | D:10     | Killed Joseph
  2977 | D:10     | Noticed Urug
  3011 | D:10     | Killed Urug
  3179 | D:10     | Reached skill level 10 in Summonings
  3296 | D:11     | Found Xockom's Magic Scroll Shoppe.
  3299 | D:11     | Bought a scroll of enchant weapon for 97 gold pieces
  3299 | D:11     | Bought a scroll of teleportation for 39 gold pieces
  3356 | D:11     | Learned a level 5 spell: Lightning Bolt
  3403 | D:11     | Killed from afar by an acid dragon

Illustrated notes

Levels and vault maps discovered:
D:1:      matt_arrival_debris, layout_loops_ring
D:2:      layout_loops_ring
D:3:      layout_loops_cross, mainiacjoe_overflow_brackets,
          dilly_ecumenical_altar_fadedgnrine
D:4:      layout_cave_pods, marbit_many_paths,
          mainiacjoe_overflow_concentric_impassable, chequers_garden
D:5:      layout_loops_corners, minmay_hedge_maze, uniq_sigmund
D:6:      layout_cave_pools, nicolae_shop_i_like_big_books, uniq_pikel,
          uniq_edmund
D:7:      layout_cave_pools, mainiacjoe_overflow_catwalk,
          minmay_temple_entry_slanted, serial_gnoll_camp, gnoll_camp_medium_02,
          gnoll_camp_huts_moat, gnoll_camp_mini_hut, gnoll_camp_mini_loothouse
D:8:      layout_basic, okawaru_ov_weapons_minmay, lemuel_round_altar,
          gammafunk_ghost_stat_death, nicolae_shop_dragon_depot, uniq_maurice,
          uniq_maggie
D:9:      layout_rooms, lemuel_mausoleum_altar_kikubaaqudgha, zin_angel,
          mainiacjoe_overflow_tiny_flanked, dpeg_lair_monsters, david_orc_3,
          ebering_ghost_xom
D:10:     layout_long_grid, serial_ice, serial_ice_o, serial_ice_f,
          serial_ice_n, serial_ice_a, amcnicky_mini_pool_small, uniq_joseph,
          uniq_urug, uniq_amaemon
D:11:     layout_gridville, serial_shops, nicolae_stop_n_shop_2, uniq_erica
D:12:     layout_stronghold, serial_glass, glass_columns_b, glass_columns_b,
          glass_columns_a, glass_columns_b
Orc:1:    layout_caves, serial_shops, nicolae_shop_advertising_works
          [nicolae_subvault_shop_adworks], shop, shop, basic_altar

Skill      XL: |  1  2  3  4  5  6  7  8  9 10 11 12 |
---------------+-------------------------------------+-----
Fire Magic     | 1 3 |  3.0
Fighting       | 4 |  4.3
Conjurations   | 1 2 3 6 8 10 11 | 11.4
Air Magic      | 1 4 8 9 11 | 11.2
Ice Magic      | 2 3 5 6 |  6.0
Spellcasting   | 2 5 8 |  8.0
Poison Magic   | 3 |  3.5
Summonings     | 8 10 | 10.8
Polearms       | |  2.4
Dodging        | |  2.4
Stealth        | |  3.7

Action                     |  1- 3 |  4- 6 |  7- 9 | 10-12 || total
---------------------------+-------+-------+-------+-------++-------
  Melee: Spear             |    63 |    40 |       |       ||   103
         Trident           |       |    97 |     5 |       ||   102
         Punch             |       |     2 |       |     1 ||     3
         Lajatang          |       |       |    44 |    51 ||    95
         Staff             |       |       |     1 |       ||     1
         Demon whip        |       |       |       |    39 ||    39
  Throw: Throwing net      |       |       |       |     4 ||     4
   Cast: Foxfire           |       |     2 |    61 |    12 ||    75
         Frozen Ramparts   |       |     1 |    11 |     3 ||    15
         Freeze            |       |       |     3 |       ||     3
         Arcjolt           |       |       |     5 |    67 ||    72
         Shock             |       |       |     5 |       ||     5
         Poisonous Vapours |       |       |     3 |    53 ||    56
         Lightning Bolt    |       |       |       |     1 ||     1
  Evoke: Wand              |     4 |     3 |     8 |       ||    15
    Use: Scroll            |     1 |     8 |     1 |     8 ||    18
         Potion            |       |       |     3 |     2 ||     5
   Stab: Sleeping          |       |     3 |       |       ||     3
         Distracted        |       |     1 |       |       ||     1
         Held in net/web   |       |       |       |     1 ||     1
 Armour: Leather armour    |    11 |    45 |     6 |       ||    62
         Skin              |       |       |    26 |       ||    26
         Ring mail         |       |       |    26 |   157 ||   183
  Dodge: Dodged            |    35 |    59 |    39 |   148 ||   281

Table legend: (Time is in decaauts)
 A = Elapsed time spent in this place.
 B = Non-inter-level travel time spent in this place.
 C = Inter-level travel time spent in this place.
 D = Time resting spent in this place.
 E = Time spent auto-exploring this place.
 F = Levels seen in this place.
 G = Mean time per level.
                   A        B        C        D        E       F      G
               +--------+--------+--------+--------+--------+-----+--------+
         Total |   3442 |   3203 |    239 |     13 |      0 |  13 |  264.8 |
       Dungeon |   3429 |   3190 |    239 |     13 |      0 |  12 |  285.8 |
  Orcish Mines |     12 |     12 |      0 |      0 |      0 |   1 |   12.0 |
               +--------+--------+--------+--------+--------+-----+--------+

Top non-repeatable levels by time:
     D:7: 511 daAuts
    D:10: 480 daAuts
     D:4: 425 daAuts
     D:6: 422 daAuts
     D:2: 363 daAuts
     D:1: 291 daAuts
     D:5: 288 daAuts
     D:3: 277 daAuts
     D:9: 230 daAuts
    D:11: 106 daAuts
     D:8: 28 daAuts
   Orc:1: 12 daAuts
    D:12: 1 daAuts
